 Dungeon Crawl Stone Soup version 0.27-a0-1287-gca74d27db6 (webtiles) character file.

Game seed: 770244979558371902

7851 Zonian the Destroyer (level 11, -7/64 HPs)
             Began as a Tengu Conjurer on June 14, 2021.
             Was a Believer of Nemelex Xobeh.
             Mangled by a two-headed ogre (15 damage)
             ... on level 10 of the Dungeon.
             The game lasted 00:35:15 (23845 turns).

Zonian the Destroyer (Tengu Conjurer)              Turns: 23845, Time: 00:35:15

Health: -7/64      AC:  6    Str:  7    XL:     11   Next: 21%
Magic:  13/22      EV: 17    Int: 22    God:    Nemelex Xobeh [**....]
Gold:   1483       SH:  0    Dex: 13    Spells: 13/23 levels left

rFire    . . .     SeeInvis .   r - staff of conjuration
rCold    + + +     Faith    .   (no shield)
rNeg     . . .     Spirit   .   W - +2 robe {rC+}
rPois    .         Reflect  .   (helmet restricted)
rElec    .         Harm     .   H - scarf {rC+ rF+}
rCorr    .         Rampage  .   c - +1 pair of gloves
Will     .....                  (boots unavailable)
Stlth    +++.......             (no amulet)
HPRegen  0.20/turn              D - ring of wizardry
MPRegen  0.18/turn              K - ring of ice

@: flying quickly and evasively, studying Armour, quick
A: beak, talons 3, nimble flight
a: Renounce Religion, Draw Escape, Draw Destruction, Draw Summoning


You were on level 10 of the Dungeon.
You worshipped Nemelex Xobeh.
Nemelex Xobeh was pleased with you.
You visited 2 branches of the dungeon, and saw 11 of its levels.

You collected 1681 gold pieces.
You spent 198 gold pieces at shops.

Inventory:

Hand Weapons
 b - a +1 dagger of draining
 f - a +0 quarterstaff
 i - a +3 vorpal hand axe
 j - a +0 hunting sling
 t - a +3 dagger
 u - a +2 dagger of holy wrath
 C - a +3 whip of electrocution
 G - a +3 mace of venom
 I - a +4 battleaxe
 J - a +2 dagger
 M - a +4 great sword of freezing
 N - a +4 mace of freezing
 Q - a +2 short sword of venom
 U - a +1 short sword of speed
Missiles
 g - a throwing net
 k - 165 stones
 x - 37 poisoned darts
 O - 2 curare-tipped darts
Armour
 a - a +0 robe
 c - a +1 pair of gloves (worn)
 y - +0 acid dragon scales
 H - a scarf of resistance (worn)
 W - a +2 robe of cold resistance (worn)
Magical Staves
 q - a staff of air
 r - a staff of conjuration (weapon)
Jewellery
 D - a ring of wizardry (left hand)
 K - a ring of ice (right hand)
 L - a ring of fire
 T - a ring of ice
 V - a ring of ice
Wands
 d - a wand of polymorph (6)
 w - a wand of flame (46)
 A - a wand of digging (3)
 B - a wand of charming (7)
 P - a wand of acid (7)
Scrolls
 E - 3 scrolls of fear
 R - a scroll of enchant armour
 S - a scroll of identify
Potions
 e - 2 potions of heal wounds
 h - a potion of resistance {unknown}
 l - 2 potions of flight
 m - 3 potions of might
 n - a potion of cancellation {unknown}
 o - 2 potions of haste {unknown}
 p - 2 potions of attraction {unknown}
 s - 3 potions of magic
 v - 2 potions of curing
 z - a potion of brilliance {unknown}
 F - a potion of berserk rage


   Skills:
 + Level 5.8 Fighting
 + Level 3.6 Short Blades
 - Level 5.1 Axes
 + Level 7.1 Dodging
 + Level 7.2 Stealth
 - Level 0.1 Unarmed Combat
 + Level 6.9 Spellcasting
 + Level 10.8 Conjurations
 + Level 6.3 Necromancy


You had 13 spell levels left.
You knew the following spells:

 Your Spells              Type           Power      Damage    Failure   Level
a - Magic Dart            Conj           100%       1d8       1%          1
b - Searing Ray           Conj           100%       3d7       1%          2
c - Vampiric Draining     Necr           17%        2d8       1%          3
d - Animate Dead          Necr           17%        N/A       2%          4

Your spell library contained the following spells:

 Spells                   Type           Power      Damage    Failure   Level
 Animate Skeleton         Necr           70%        N/A       1%          1
 Pain                     Necr           100%       1d9       1%          1
 Dazzling Flash           Conj/Hex       94%        N/A       1%          3
 Beastly Appendage        Tmut           14%        N/A       3%          1
 Fulminant Prism          Conj/Hex       23%        3d13      3%          4
 Iskenderun's Mystic Bla  Conj/Tloc      47%        2d10      3%          4
 Wereblood                Tmut           7%         N/A       5%          2
 Agony                    Necr           35%        N/A       7%          5
 Spider Form              Tmut/Pois      3%         N/A       11%         3
 Ice Form                 Ice/Tmut       11%        N/A       32%         4


Dungeon Overview and Level Annotations

Branches:
Dungeon (10/15)            Temple (1/1) D:4
   Lair: D:8-11         Orc: D:9-12

Altars:
Ashenzari
Cheibriados
Dithmenos
Elyvilon
Fedhas
Gozag
Hepliaklqana
Kikubaaqudgha
Makhleb
Nemelex Xobeh
Okawaru
Qazlal
Ru
Sif Muna
Trog
Uskayaw
Vehumet
Wu Jian
Xom
Yredelemnul
Zin
The Shining One

Shops:
D:5 *

Annotations:
D:4 Sigmund
D:8 exclusion: obsidian statue


Innate Abilities, Weirdness & Mutations

You have a beak for a mouth.
You have claws for feet.
Your magical nature lets you fly swiftly and evasively.


Message History

The two-headed ogre hits you with a +0 giant club!!
You feel a surge of power!
The magic dart hits the two-headed ogre.
The two-headed ogre is heavily wounded.
You feel a surge of power!
The magic dart hits the two-headed ogre.
The two-headed ogre is heavily wounded.
The two-headed ogre closely misses you. The two-headed ogre misses you.
Unknown command.
Casting: Magic Dart (safe; 1% risk of failure)
Confirm with . or Enter, or press ? or * to list all spells.
Aiming: Searing Ray (safe; 1% risk of failure)
Press: ? - help, Shift-Dir - straight line, f/p - two-headed ogre
Aim: a two-headed ogre, wielding two +0 giant clubs (heavily wounded, 92% to hit)
You feel a surge of power!
The searing ray hits the two-headed ogre!
The two-headed ogre is severely wounded. (Press . to maintain the ray.)
The two-headed ogre misses you. x2
The searing ray hits the two-headed ogre!
The two-headed ogre is severely wounded.
Unknown command.
The searing ray hits the two-headed ogre!
The two-headed ogre is almost dead.
The two-headed ogre hits you but does no damage.
The two-headed ogre hits you with a +0 giant club!!
Unknown command.
Casting: Searing Ray (safe; 1% risk of failure)
Confirm with . or Enter, or press ? or * to list all spells.
Aiming: Searing Ray (safe; 1% risk of failure)
Press: ? - help, Shift-Dir - straight line, f/p - two-headed ogre
Aim: a two-headed ogre, wielding two +0 giant clubs (almost dead, 92% to hit)
You feel a surge of power!
The searing ray misses the two-headed ogre. (Press . to maintain the ray.)
The two-headed ogre hits you with a +0 giant club!
* * * LOW HITPOINT WARNING * * *
The two-headed ogre hits you with a +0 giant club!
You die...
Your body disappears without a glow.

#.[....# .. #......#
#.## ###......### #..#
........... ...
####......#######..
..........'........
##......#######..
###......# #..
#@.......# #..
#O######## #.. #.#
######.. #######.#
#....... #.......#
##....... #.#####.#
......... #........#
##......#
#..#....#...<........#
#... #....#
..##.####.#


You could see a two-headed ogre.

Vanquished Creatures
  Fannar (D:10)
  Maurice (D:10)
  Maggie (D:6)
  A queen bee (D:10)
  A troll (D:10)
  Grinder (D:6)
  Prince Ribbit (D:7)
  A shadow (D:9)
  A wraith (D:6)
  11 yaks
  A steam dragon (D:8)
  Edmund (D:6)
  2 orc warriors
  Duvessa (D:5)
  A sky beast (D:6)
  An ice beast (D:7)
  2 necrophages (D:6)
  3 centaurs
  5 kobold brigands
  A phantom (D:4)
  2 bullfrogs
  A gnoll sergeant (D:7)
  Dowan (D:5)
  5 scorpions
  6 killer bees
  17 wights
  3 howler monkeys (D:8)
  4 orc priests
  4 hounds (D:6)
  A jelly (D:5)
  A bullfrog skeleton (D:5)
  3 iguanas
  3 orc wizards
  A killer bee zombie (D:8)
  A hound zombie (D:5)
  3 gnolls (D:7)
  6 adders
  A howler monkey skeleton (D:6)
  A white imp (D:7)
  2 ufetubi (D:5)
  An adder skeleton (D:4)
  4 worms
  10 dart slugs
  23 orcs
  6 ball pythons
  12 endoplasms
  3 giant cockroaches
  10 goblins
  3 hobgoblins
  13 jackals
  28 kobolds
  4 quokkas
  4 bats
  4 frilled lizards
  7 rats
236 creatures vanquished.

Vanquished Creatures (others)
  A black bear (D:10)
  7 plants (D:4)
8 creatures vanquished.

Grand Total: 244 creatures vanquished

Notes
Turn   | Place    | Note
-------+----------+-------------------------------------------
     0 | D:1      | Zonian the Tengu Conjurer began the quest for the Orb.
     0 | D:1      | Reached XP level 1. HP: 10/10 MP: 4/4
   159 | D:1      | Reached XP level 2. HP: 15/15 MP: 0/6
   376 | D:1      | Learned a level 2 spell: Searing Ray
   771 | D:1      | Reached skill level 6 in Conjurations
   772 | D:1      | Reached XP level 3. HP: 19/19 MP: 0/7
  1894 | D:2      | Reached XP level 4. HP: 14/24 MP: 5/8
  3827 | D:3      | Gained mutation: Your magical nature lets you fly swiftly
                  | and evasively. [Tengu growth]
  3827 | D:3      | Reached XP level 5. HP: 28/28 MP: 6/10
  4751 | D:4      | Reached skill level 7 in Conjurations
  4751 | D:4      | Reached XP level 6. HP: 30/33 MP: 1/12
  5671 | D:4      | Found a staircase to the Ecumenical Temple.
  5692 | Temple   | Entered the Ecumenical Temple
  5920 | Temple   | Became a worshipper of Nemelex Xobeh the Trickster
  6357 | D:4      | Reached skill level 1 in Axes
  6883 | D:4      | Noticed Sigmund
  6922 | D:4      | Learned a level 3 spell: Vampiric Draining
  7246 | D:5      | Entered Level 5 of the Dungeon
  7534 | D:5      | Reached XP level 7. HP: 25/37 MP: 14/14
  7925 | D:5      | Noticed Duvessa
  7927 | D:5      | Noticed Dowan
  7940 | D:5      | Killed Duvessa
  7941 | D:5      | Reached skill level 1 in Fighting
  8601 | D:5      | Reached skill level 1 in Necromancy
  8849 | D:5      | Found Wygoidd's General Store.
  8857 | D:5      | Bought a scroll of enchant weapon for 90 gold pieces
  8857 | D:5      | Bought a potion of curing for 36 gold pieces
  8857 | D:5      | Bought 2 potions of curing for 72 gold pieces
  9150 | D:5      | Killed Dowan
  9313 | D:5      | Found an opulent altar of Gozag.
  9384 | D:6      | Noticed a wraith
  9391 | D:6      | Killed a wraith
  9392 | D:6      | Reached skill level 8 in Conjurations
  9392 | D:6      | Reached XP level 8. HP: 29/44 MP: 6/15
  9602 | D:6      | Found a shimmering blue altar of Sif Muna.
  9654 | D:6      | Noticed Maggie
  9668 | D:6      | Killed Maggie
 10639 | D:6      | Reached skill level 5 in Spellcasting
 10775 | D:6      | Noticed Grinder
 10781 | D:6      | Paralysed by Grinder for 5 turns
 10800 | D:6      | Killed Grinder
 10801 | D:6      | Reached XP level 9. HP: 17/50 MP: 9/17
 11297 | D:6      | Reached * piety under Nemelex Xobeh
 11364 | D:6      | Reached skill level 5 in Stealth
 11408 | D:6      | Reached skill level 9 in Conjurations
 11429 | D:6      | Noticed Edmund
 11442 | D:6      | Killed Edmund
 11443 | D:6      | Reached skill level 5 in Dodging
 12122 | D:6      | Received a gift from Nemelex Xobeh
 14461 | D:7      | Learned a level 4 spell: Animate Dead
 14535 | D:7      | Noticed Prince Ribbit
 14552 | D:7      | Killed Prince Ribbit
 14921 | D:7      | Reached XP level 10. HP: 54/58 MP: 13/19
 16084 | D:8      | Reached skill level 5 in Axes
 16633 | D:8      | Reached skill level 5 in Necromancy
 17949 | D:8      | Reached ** piety under Nemelex Xobeh
 17960 | D:8      | Received a gift from Nemelex Xobeh
 18471 | D:8      | Noticed an obsidian statue
 19160 | D:8      | Reached skill level 1 in Short Blades
 19445 | D:8      | Identified a scroll of acquirement
 19445 | D:8      | Acquired 1028 gold pieces
 19478 | D:9      | Acquired a staff of conjuration
 19543 | D:9      | Reached skill level 10 in Conjurations
 20283 | D:9      | Reached skill level 5 in Fighting
 22107 | D:10     | Entered Level 10 of the Dungeon
 22107 | D:10     | Noticed Maurice
 22113 | D:10     | Killed Maurice
 22596 | D:10     | Reached XP level 11. HP: 59/64 MP: 13/22
 22958 | D:10     | Noticed Fannar
 22979 | D:10     | Killed Fannar
 23831 | D:10     | Noticed a two-headed ogre
 23845 | D:10     | Mangled by a two-headed ogre

Illustrated notes

Levels and vault maps discovered:
D:1:      onia_arrival_mini_spirals, layout_rooms
D:2:      layout_loops_cross, minivault_25, dk_vineyard_2
D:3:      layout_basic
D:4:      layout_basic, minmay_temple_entry_gardened_gates,
          serial_park_tiny_pond, uniq_sigmund
D:5:      layout_gridville, serial_shops, shop, kennysheep_flooded_box,
          minmay_misc_feat_five, kennysheep_pointless_box, uniq_duvessa
D:6:      layout_loops_cross, kennysheep_mini_moat, hex_medium,
          dk_noncrumbling_3, uniq_edmund, uniq_maggie, uniq_grinder
D:7:      layout_basic, uniq_prince_ribbit1
D:8:      minmay_statue_hallways, layout_basic
D:9:      layout_stronghold
D:10:     layout_basic, serial_curves, eino_curves_03, eino_curves_04,
          minivault_25, minmay_misc_feat_iff, uniq_maurice, uniq_fannar
Temple:   minmay_crystal_snake_temple

Skill      XL: |  1  2  3  4  5  6  7  8  9 10 11 |
---------------+----------------------------------+-----
Conjurations   | 6 7 8 9 10 | 10.8
Spellcasting   | 3 4 5 6 |  6.9
Stealth        | 3 4 5 6 7 |  7.2
Dodging        | 3 4 5 6 7 |  7.1
Axes           | 1 2 3 4 5 |  5.1
Fighting       | 2 3 4 5 |  5.8
Necromancy     | 1 3 4 6 |  6.3
Short Blades   | 3 |  3.6
Unarmed Combat | |  0.1

Action                   |  1- 3 |  4- 6 |  7- 9 | 10-12 || total
-------------------------+-------+-------+-------+-------++-------
Melee: Unarmed           |    20 |       |       |       ||    20
       Kick              |     4 |     3 |    12 |     7 ||    26
       Peck              |     1 |     2 |     9 |     4 ||    16
       Hand axe          |       |    16 |    77 |     5 ||    98
       Whip              |       |       |       |    21 ||    21
       Staff             |       |       |       |    13 ||    13
Throw: Stone             |       |       |    22 |       ||    22
       Dart              |       |       |     4 |       ||     4
 Cast: Magic Dart        |    74 |   153 |    66 |   156 ||   449
       Searing Ray       |       |     6 |    39 |    49 ||    94
Invok: Draw Destruction  |       |       |       |     1 ||     1
Evoke: Wand              |       |       |     2 |     1 ||     3
  Use: Scroll            |       |     6 |     7 |     9 ||    22
       Potion            |       |       |     3 |       ||     3
 Stab: Sleeping          |       |     1 |     1 |       ||     2
Armor: Robe              |     5 |     9 |     8 |     9 ||    31
Dodge: Dodged            |    20 |    34 |    97 |    87 ||   238

Table legend: (Time is in decaauts)
 A = Elapsed time spent in this place.
 B = Non-inter-level travel time spent in this place.
 C = Inter-level travel time spent in this place.
 D = Time resting spent in this place.
 E = Time spent auto-exploring this place.
 F = Levels seen in this place.
 G = Mean time per level.
                   A        B        C        D        E       F      G
               +--------+--------+--------+--------+--------+-----+--------+
         Total |  23313 |  23066 |    247 |  14641 |   6068 |  11 | 2119.4 |
       Dungeon |  23082 |  22858 |    224 |  14637 |   5915 |  10 | 2308.2 |
        Temple |    230 |    207 |     23 |      4 |    152 |   1 |  230.0 |
               +--------+--------+--------+--------+--------+-----+--------+

Top non-repeatable levels by time:
     D:8: 3663 daAuts
     D:7: 3405 daAuts
     D:4: 2670 daAuts
     D:9: 2555 daAuts
     D:6: 2534 daAuts
     D:2: 2161 daAuts
     D:5: 1909 daAuts
    D:10: 1706 daAuts
     D:1: 1555 daAuts
     D:3: 920 daAuts
  Temple: 230 daAuts
